 Dungeon Crawl Stone Soup version 0.30-a0-870-gc5d4c5acee (webtiles) character file.

Game seed: 1296630208291270754

156 Mickster the Trooper (level 5, -5/33 HPs)
             Began as a Gargoyle Monk on Mar 11, 2023.
             Slain by an ogre
             ... wielding a +0 giant club
              (10 damage)
             ... on level 4 of the Dungeon.
             The game lasted 00:30:11 (3200 turns).

Mickster the Trooper (Gargoyle Monk)                Turns: 3200, Time: 00:30:11

Health: -5/33      AC: 13    Str: 16 (17) XL:     5   Next: 38%
Magic:  5/5        EV:  7    Int: 10      God:
Gold:   57         SH:  0    Dex: 12      Spells: 4/4 levels left

rFire   . . .      SeeInvis .    m - +0 flail
rCold   . . .      Faith    .    (no shield)
rNeg    + . .      Spirit   .    g - +0 scale mail
rPois   ∞          Reflect  .    (no helmet)
rElec   +          Rampage  .    (no cloak)
rCorr   .                        f - +1 pair of gloves
Will    .....                    l - +0 pair of boots
Stlth   +                        (no amulet)
HPRegen 0.25/turn                (no ring)
MPRegen 0.09/turn                (no ring)

@: constricted
A: sickness immunity, AC +4, negative energy resistance 1, electricity
resistance, torment resistance 1, petrification resistance
a: no special abilities


You were on level 4 of the Dungeon.
You visited 1 branch of the dungeon, and saw 4 of its levels.

You collected 87 gold pieces.
You spent 30 gold pieces at shops.

Inventory:

Hand Weapons
 a - a +0 hand axe
 d - a +1 vampiric dagger
 i - a +0 spear
 m - a +0 flail (weapon)
 n - a +1 dagger of holy wrath
Missiles
 e - 29 stones (quivered)
Armour
 b - a +0 robe
 f - a +1 pair of gloves (worn)
 g - a +0 scale mail (worn)
 h - a +0 leather armour
 l - a +0 pair of boots (worn)
Wands
 o - a wand of flame (31)
Potions
 c - 3 potions of ambrosia
 j - a potion of resistance {unknown}
 k - a potion of curing


   Skills:
 + Level 4.1 Fighting
 - Level 2.3 Short Blades
 - Level 2.8(2.9) Axes
 * Level 0.6(2.1) Maces & Flails
 + Level 1.5 Armour
 + Level 3.0 Dodging
 + Level 2.8 Stealth


You had 4 spell levels left.
You didn't know any spells.
Your spell library contained the following spells:

 Spells                   Type           Power      Damage    Failure   Level
 Apportation              Tloc           0%         N/A       80%         1
 Necrotise                Necr           0%         1d4       80%         1
 Summon Small Mammal      Summ           0%         N/A       80%         1


Dungeon Overview and Level Annotations

Branches:
Dungeon (4/15)
 Temple: D:4-7

Altars:
Dithmenos
Kikubaaqudgha
Xom

Shops:
D:1 !


Innate Abilities, Weirdness & Mutations

You are immune to sickness and miasma.
Your stone body is resilient. (AC +4)
You are immune to poison.
You resist negative energy. (rN+)
You are resistant to electric shocks. (rElec)
You are resistant to unholy torment.
You are immune to petrification.


Message History

You kill the hound!
You feel your strength returning.
Your Dodging skill increases to level 3!
You start resting.
HP restored.
You start waiting.
Done waiting.
e - 29 stones (gained 6)
Found a fuming purple potion.
An ogre comes into view. It is wielding a +0 giant club.
The ogre shouts!
The ogre closely misses you.
A ball python comes into view.
You hit the ogre.
The ogre is moderately wounded.
The ogre barely misses you.
You hit the ogre. You punch the ogre.
The ogre is moderately wounded.
The ogre completely misses you.
You hit the ogre.
The ogre is heavily wounded.
The ball python bites you but does no damage.
The ball python grabs you. The ball python constricts you.
The ball python bites you but does no damage.
The ball python constricts you. The ogre hits you with a +0 giant club!
You hit the ogre.
The ogre is severely wounded.
The ball python bites you but does no damage.
The ball python constricts you.
You barely miss the ogre.
The ogre is severely wounded.
The ball python closely misses you. The ball python constricts you.
The ogre hits you with a +0 giant club!!
Ouch! That really hurt!
* * * LOW HITPOINT WARNING * * *
The ball python barely misses you. The ball python constricts you.
You hit the ogre but do no damage.
The ogre is severely wounded.
The ogre hits you with a +0 giant club!
You die...

#<.# ....######
#....# ..........
.......###
.....................
.......########.....
..!..## #..###
#....### ...#
#OS....#####..##
#@............#
#.............#
##..####.....### ####
###.....### ##
##......#
#.#####........
#.......###...
#......## ##.
#......# #


You could see an ogre and a ball python.

Vanquished Creatures
  An orc priest (D:3)
  A hound (D:4)
  A gnoll (D:1)
  An adder (D:4)
  2 worms
  2 dart slugs (D:1)
  9 orcs (D:3)
  7 endoplasms
  5 giant cockroaches
  2 goblins
  4 hobgoblins
  3 jackals (D:3)
  8 kobolds
  3 quokkas
  4 ball pythons
  3 bats
  3 rats
59 creatures vanquished.

Vanquished Creatures (others)
  2 plants (D:1)
2 creatures vanquished.

Grand Total: 61 creatures vanquished

Notes
Turn   | Place    | Note
-------+----------+-------------------------------------------
     0 | D:1      | Mickster the Gargoyle Monk began the quest for the Orb.
     0 | D:1      | Reached XP level 1. HP: 14/14 MP: 1/1
   101 | D:1      | Found Daujuvve's Distillery.
   230 | D:1      | Reached XP level 2. HP: 19/19 MP: 2/2
   433 | D:1      | Reached XP level 3. HP: 22/24 MP: 3/3
  1056 | D:1      | Bought a potion of curing for 30 gold pieces
  1166 | D:2      | Reached skill level 1 in Short Blades
  1446 | D:2      | Found a faded altar of an unknown god.
  1833 | D:2      | Reached XP level 4. HP: 27/29 MP: 4/4
  1926 | D:3      | Reached skill level 4 in Fighting
  1944 | D:3      | Reached skill level 1 in Armour
  2416 | D:3      | Found a shadowy altar of Dithmenos.
  2563 | D:3      | Found an ancient bone altar of Kikubaaqudgha.
  2616 | D:3      | Reached XP level 5. HP: 27/33 MP: 5/5
  2771 | D:4      | Found a shimmering altar of Xom.
  3189 | D:4      | Noticed an ogre
  3200 | D:4      | Slain by an ogre

Illustrated notes

Levels and vault maps discovered:
D:1:      lightli_arrival_lavapool, layout_basic, serial_shops, shop,
          serial_forest, infiniplex_forest_clump_medium,
          infiniplex_forest_straight_1, infiniplex_forest_clump_small,
          infiniplex_forest_clump_tiny, infiniplex_forest_clump_diagonal,
          infiniplex_forest_straight_2
D:2:      layout_loops_cross, shapermc_ecumenical_altar_notcrosses,
          minmay_misc_feat_roman, minmay_misc_feat_encased, minmay_quantized
D:3:      layout_basic, kiku_gazebo_pond_becter, mainiacjoe_overflow_24_doors
D:4:      layout_layer_cave, grunt_ashenzari_visionary
          [grunt_ashenzari_visionary_swamp, grunt_ashenzari_visionary_snake],
          lemuel_tele_altar

Skill      XL: |  1  2  3  4  5 |
---------------+----------------+-----
Short Blades   | 1 2 |  2.3
Fighting       | 4 |  4.1
Armour         | 1 |  1.5
Dodging        | 3 |  3.0
Axes           | |  2.8
Maces & Flails | |  0.6
Stealth        | |  2.8

Action                     |  1- 3 |  4- 6 || total
---------------------------+-------+-------++-------
  Melee: Hand axe          |    12 |       ||    12
         Dagger            |   119 |   112 ||   231
         Flail             |       |    28 ||    28
         Punch             |       |     1 ||     1
    Use: Potion            |     3 |       ||     3
         Scroll            |     2 |     4 ||     6
   Stab: Sleeping          |     4 |       ||     4
 Armour: Robe              |     7 |       ||     7
         Leather armour    |    37 |       ||    37
         Scale mail        |     8 |    71 ||    79
  Dodge: Dodged            |    75 |    83 ||   158

Table legend: (Time is in decaauts)
 A = Elapsed time spent in this place.
 B = Non-inter-level travel time spent in this place.
 C = Inter-level travel time spent in this place.
 D = Time resting spent in this place.
 E = Time spent auto-exploring this place.
 F = Levels seen in this place.
 G = Mean time per level.
                   A        B        C        D        E       F      G
               +--------+--------+--------+--------+--------+-----+--------+
         Total |   3192 |   2964 |    228 |    466 |      0 |   4 |  798.0 |
       Dungeon |   3192 |   2964 |    228 |    466 |      0 |   4 |  798.0 |
               +--------+--------+--------+--------+--------+-----+--------+

Top non-repeatable levels by time:
     D:1: 1123 daAuts
     D:2: 755 daAuts
     D:3: 738 daAuts
     D:4: 574 daAuts
